General information
- name: BNet
- type: Ladder team game (AT/RT)
- host: Battle.net
- saver: SERIOUSCRAFT
map: PhantomGrove
- players: 4
- length: 48:31
- speed: Fast
- version: 1.24 W3XP
- replay type: Public
» download(195 KB)
Players
team 1 (winner)
KeKeZergRush (
teal | 87 APM | 4202 actions | 48:30)
6 Mountain King
3 Storm Bolt
2 Bash
1 Avatar
6 Paladin
3 Holy Light
3 Divine Shield
» actions
| Assign group hotkey | 13 | |
| Basic commands | 28 | |
| Build / train | 108 | |
| ESC pressed | 6 | |
| Enter build submenu | 43 | |
| Enter hero's abilities submenu | 12 | |
| Give item / drop item | 2 | |
| Right click | 1512 | |
| Select / deselect | 345 | |
| Select group hotkey | 1944 | |
| Use ability | 186 | |
4202 total
» units
| Peasant | 17 | |
| Gryphon Rider | 7 | |
| Dragonhawk Rider | 3 | |
| Siege Engine | 5 | |
32 total
» upgrades
| Masonry | 3 | |
| Lumber Harvesting | 2 | |
| Animal War Training | 1 | |
| Armor | 3 | |
| Swords | 3 | |
| Storm Hammers | 1 | |
| Cloud | 1 | |
| Gunpowder | 3 | |
| Plating | 2 | |
19 total
» buildings
| Altar of Kings | 1 | |
| Farm | 7 | |
| Lumber Mill | 1 | |
| Scout Tower | 49 | |
| Arcane Tower | 1 | |
| Guard Tower | 31 | |
| Keep | 1 | |
| Castle | 1 | |
| Gryphon Aviary | 2 | |
| Blacksmith | 1 | |
| Barracks | 1 | |
| Arcane Vault | 1 | |
| Town Hall | 3 | |
| Workshop | 2 | |
102 total
» build order
00:09 Altar of Kings
00:12 Farm
00:24 Lumber Mill
00:52 Farm
01:24 Scout Tower
01:32 Scout Tower
01:56 Arcane Tower
02:04 Guard Tower
03:00 Scout Tower
03:01 Scout Tower
04:12 Guard Tower
04:14 Keep
04:22 Scout Tower
04:23 Scout Tower
05:06 Guard Tower
05:08 Farm
05:15 Scout Tower
05:16 Scout Tower
05:42 Guard Tower
05:44 Guard Tower
06:00 Scout Tower
06:01 Scout Tower
06:23 Scout Tower
06:24 Scout Tower
06:40 Guard Tower
06:43 Castle
07:02 Gryphon Aviary
07:34 Guard Tower
07:40 Gryphon Aviary
08:17 Farm
08:18 Farm
08:29 Farm
08:30 Farm
09:26 Blacksmith
09:30 Barracks
11:20 Arcane Vault
12:18 Town Hall
12:24 Scout Tower
12:26 Scout Tower
12:27 Scout Tower
12:28 Scout Tower
12:30 Scout Tower
12:31 Scout Tower
12:33 Scout Tower
12:33 Scout Tower
12:34 Scout Tower
12:35 Scout Tower
13:01 Guard Tower
13:03 Guard Tower
13:03 Guard Tower
13:04 Guard Tower
13:10 Guard Tower
21:17 Scout Tower
21:19 Scout Tower
21:21 Scout Tower
22:30 Guard Tower
28:12 Town Hall
30:03 Scout Tower
30:04 Scout Tower
30:05 Scout Tower
30:06 Scout Tower
30:07 Scout Tower
30:08 Scout Tower
30:09 Scout Tower
31:18 Guard Tower
31:28 Guard Tower
31:31 Guard Tower
31:55 Guard Tower
32:03 Guard Tower
33:16 Scout Tower
33:17 Scout Tower
33:17 Scout Tower
33:18 Scout Tower
33:19 Scout Tower
34:24 Guard Tower
34:47 Guard Tower
35:03 Guard Tower
35:04 Guard Tower
35:27 Guard Tower
36:56 Guard Tower
37:00 Scout Tower
37:01 Scout Tower
37:02 Scout Tower
37:04 Scout Tower
37:29 Guard Tower
39:11 Town Hall
39:15 Scout Tower
39:16 Scout Tower
39:17 Scout Tower
39:19 Scout Tower
39:20 Scout Tower
39:20 Scout Tower
39:21 Scout Tower
39:22 Scout Tower
39:46 Guard Tower
39:47 Guard Tower
40:19 Guard Tower
40:59 Guard Tower
43:17 Guard Tower
43:21 Workshop
43:22 Workshop
» items
| Boots of Speed | 2 | |
| Staff of Teleportation | 2 | |
| Healing Salve | 1 | |
| Lesser Clarity Potion | 1 | |
| Staff of Sanctuary | 1 | |
| Orb of Lightning | 1 | |
| Scroll of Town Portal | 1 | |
9 total
SERIOUSCRAFT (
green | 47 APM | 2288 actions | 48:31)
8 Blademaster
3 Wind Walk
3 Critical Strike
1 Bladestorm
1 Mirror Image
» actions
| Assign group hotkey | 12 | |
| Basic commands | 3 | |
| Build / train | 76 | |
| Enter build submenu | 54 | |
| Enter hero's abilities submenu | 8 | |
| Give item / drop item | 7 | |
| Remove unit from queue | 1 | |
| Right click | 1273 | |
| Select / deselect | 292 | |
| Select group hotkey | 395 | |
| Use ability | 167 | |
2288 total
» units
» upgrades
| Ranged Weapons | 3 | |
| Armor | 3 | |
| Spiked Barricades | 1 | |
| Liquid Fire | 1 | |
| Reinforced Defenses | 1 | |
9 total
» buildings
| Altar of Storms | 2 | |
| Orc Burrow | 6 | |
| War Mill | 1 | |
| Voodoo Lounge | 3 | |
| Watch Tower | 30 | |
| Stronghold | 2 | |
| Beastiary | 3 | |
| Great Hall | 7 | |
| Fortress | 1 | |
55 total
» build order
00:07 Altar of Storms
00:20 Orc Burrow
01:05 War Mill
01:34 Voodoo Lounge
02:04 Orc Burrow
02:31 Watch Tower
02:37 Watch Tower
03:19 Watch Tower
03:38 Watch Tower
03:39 Watch Tower
04:56 Voodoo Lounge
05:12 Watch Tower
06:08 Watch Tower
06:38 Stronghold
06:51 Watch Tower
07:47 Watch Tower
08:02 Watch Tower
09:05 Beastiary
09:10 Beastiary
09:16 Beastiary
09:43 Watch Tower
11:12 Great Hall
11:32 Fortress
12:37 Orc Burrow
12:44 Orc Burrow
17:05 Watch Tower
17:09 Watch Tower
21:40 Watch Tower
21:41 Watch Tower
21:42 Watch Tower
21:47 Watch Tower
21:50 Great Hall
22:23 Great Hall
28:42 Great Hall
28:48 Altar of Storms
30:05 Watch Tower
30:24 Voodoo Lounge
30:44 Orc Burrow
31:02 Watch Tower
31:16 Watch Tower
31:40 Orc Burrow
31:47 Watch Tower
33:01 Great Hall
33:25 Watch Tower
33:28 Watch Tower
35:51 Great Hall
37:14 Watch Tower
37:35 Watch Tower
37:45 Stronghold
39:19 Watch Tower
39:36 Watch Tower
42:12 Watch Tower
42:13 Watch Tower
43:06 Great Hall
44:07 Watch Tower
» items
| Boots of Speed | 1 | |
| Circlet of Nobility | 1 | |
| Staff of Teleportation | 1 | |
| Healing Salve | 1 | |
| Lesser Clarity Potion | 3 | |
| Potion of Lesser Invulnerability | 2 | |
| Orb of Lightning | 1 | |
10 total
team 2 (loser)
FuriousHatred (
yellow | 49 APM | 2354 actions | 48:30)
5 Shadow Hunter
3 Serpent Ward
1 Hex
1 Healing Wave
2 Tauren Chieftain
1 Endurance Aura
1 War Stomp
» actions
| Assign group hotkey | 36 | |
| Basic commands | 342 | |
| Build / train | 73 | |
| ESC pressed | 3 | |
| Enter build submenu | 33 | |
| Enter hero's abilities submenu | 7 | |
| Give item / drop item | 4 | |
| Right click | 912 | |
| Select / deselect | 529 | |
| Select group hotkey | 204 | |
| Use ability | 209 | |
2354 total
» units
| Peon | 14 | |
| Grunt | 14 | |
| Raider | 16 | |
| Demolisher | 2 | |
46 total
» upgrades
| Armor | 3 | |
| Melee Weapons | 4 | |
| Berserker Strength | 1 | |
| Ensnare | 1 | |
| Spiked Barricades | 1 | |
| Reinforced Defenses | 1 | |
| Pillage | 1 | |
12 total
» buildings
| Altar of Storms | 1 | |
| Orc Burrow | 10 | |
| Barracks | 1 | |
| War Mill | 2 | |
| Stronghold | 1 | |
| Watch Tower | 12 | |
| Beastiary | 2 | |
| Voodoo Lounge | 1 | |
| Fortress | 1 | |
| Great Hall | 2 | |
33 total
» build order
00:05 Altar of Storms
00:14 Orc Burrow
01:03 Barracks
01:26 Orc Burrow
02:56 War Mill
03:07 War Mill
05:26 Stronghold
05:32 Orc Burrow
06:26 Watch Tower
06:29 Watch Tower
07:52 Beastiary
07:59 Voodoo Lounge
09:02 Orc Burrow
09:59 Orc Burrow
10:36 Fortress
12:30 Watch Tower
13:43 Watch Tower
13:45 Watch Tower
15:14 Orc Burrow
15:55 Orc Burrow
16:12 Great Hall
17:00 Orc Burrow
17:03 Watch Tower
18:02 Watch Tower
19:13 Orc Burrow
19:15 Watch Tower
22:23 Watch Tower
22:27 Orc Burrow
26:19 Beastiary
28:48 Great Hall
28:53 Watch Tower
28:53 Watch Tower
28:55 Watch Tower
» items
| Dust of Appearance | 1 | |
| Lesser Clarity Potion | 1 | |
| Healing Salve | 1 | |
3 total
WlZARD (
purple | 43 APM | 1912 actions | 44:13)
6 Shadow Hunter
3 Serpent Ward
2 Healing Wave
1 Big Bad Voodoo
» actions
| Assign group hotkey | 21 | |
| Basic commands | 1 | |
| Build / train | 68 | |
| Enter build submenu | 15 | |
| Enter hero's abilities submenu | 6 | |
| Give item / drop item | 9 | |
| Right click | 1289 | |
| Select / deselect | 330 | |
| Select group hotkey | 108 | |
| Use ability | 65 | |
1912 total
» units
| Peon | 8 | |
| Grunt | 4 | |
| Troll Headhunter/Berserker | 5 | |
| Troll Batrider | 28 | |
| Demolisher | 6 | |
51 total
» upgrades
| Ranged Weapons | 2 | |
| Liquid Fire | 1 | |
| Armor | 1 | |
| Burning Oil | 1 | |
5 total
» buildings
| Altar of Storms | 1 | |
| Orc Burrow | 7 | |
| Barracks | 1 | |
| Stronghold | 1 | |
| War Mill | 1 | |
| Beastiary | 2 | |
| Voodoo Lounge | 1 | |
| Fortress | 1 | |
| Great Hall | 1 | |
16 total
» build order
00:10 Altar of Storms
00:15 Orc Burrow
01:02 Barracks
01:36 Orc Burrow
04:13 Stronghold
04:19 War Mill
06:09 Orc Burrow
06:41 Beastiary
06:44 Beastiary
07:26 Orc Burrow
07:48 Voodoo Lounge
08:23 Fortress
08:26 Orc Burrow
10:31 Orc Burrow
11:31 Orc Burrow
17:55 Great Hall
» items
| Healing Salve | 1 | |
| Lesser Clarity Potion | 2 | |
3 total
Chat log
(00:18 / Allies) KeKeZergRush: dual bm prob
(00:46 / Allies) KeKeZergRush: going gryphs i think
(00:52 / Allies) SERIOUSCRAFT: yep
(00:55 / Allies) SERIOUSCRAFT: kill burrows
(00:58 / Allies) KeKeZergRush: yep yep
(02:15 / Allies) KeKeZergRush: k
(02:47 / All) FuriousHatred: wait for 2nd grunt
(02:51 / All) SERIOUSCRAFT: ROGER THAT
(03:49 / All) WlZARD: tower scrub?
(03:57 / Allies) KeKeZergRush: stuck
(04:45 / All) SERIOUSCRAFT: leave
(05:11 / All) FuriousHatred: thats cause he teched
(05:21 / All) SERIOUSCRAFT: leave idiot shitnoob
(05:23 / Allies) KeKeZergRush: back
(05:32 / All) WlZARD: you tower dnt talk
(09:59 / Allies) KeKeZergRush: aight gryh
(10:00 / Allies) KeKeZergRush: and hero got
(10:55 / Allies) KeKeZergRush: sorry
(10:57 / Allies) KeKeZergRush: mic cut out
(11:25 / Allies) SERIOUSCRAFT: expo now
(12:42 / Allies) KeKeZergRush: hitting yellow
(12:45 / Allies) KeKeZergRush: to draw away from expo
(15:55 / Allies) KeKeZergRush: nah will make 1
(16:45 / Allies) KeKeZergRush: just came back
(16:47 / Allies) KeKeZergRush: healing and hitting
(17:45 / Allies) KeKeZergRush: pardon?
(18:14 / Allies) KeKeZergRush: gryphs going
(18:18 / Allies) KeKeZergRush: hawk here
(18:19 / Allies) KeKeZergRush: 1
(18:24 / Allies) KeKeZergRush: care
(23:34 / Allies) KeKeZergRush: circlet
(23:35 / Allies) KeKeZergRush: if you want
(24:51 / Allies) KeKeZergRush: 900 gold
(24:58 / Allies) KeKeZergRush: had expo
(24:59 / Allies) KeKeZergRush: lost it
(27:56 / Allies) KeKeZergRush: no mana
(28:07 / Allies) KeKeZergRush: im back
(30:28 / Allies) KeKeZergRush: forgot no hero
(32:45 / Allies) KeKeZergRush: im lagging that bad
(32:49 / Allies) KeKeZergRush: tc
(33:52 / Allies) KeKeZergRush: raider
(34:35 / Allies) KeKeZergRush: avatar
(35:28 / All) FuriousHatred: ok...
(35:32 / All) FuriousHatred: ive had enough
(35:33 / All) KeKeZergRush: your gimmick
(35:34 / All) SERIOUSCRAFT: leave shitnoob
(35:36 / All) KeKeZergRush: sucks to ours
(35:40 / All) SERIOUSCRAFT: i told you to leave
(35:43 / All) SERIOUSCRAFT: in the beginning
(35:44 / All) SERIOUSCRAFT: remember
(35:51 / Allies) KeKeZergRush: maybe good item
(36:03 / All) SERIOUSCRAFT: keep feeding
(36:04 / All) SERIOUSCRAFT: ty
(36:11 / All) WlZARD: green
(36:18 / All) WlZARD: in all honesty
(36:23 / All) WlZARD: you guys suck ass
(36:30 / All) SERIOUSCRAFT: right which is why you lost
(36:32 / All) FuriousHatred: towers are the only reason u still live
(36:45 / All) WlZARD: lol you two are tower noobs
(36:51 / All) WlZARD: learn to play with skill
(36:51 / Allies) KeKeZergRush: all your shit
(36:52 / Allies) KeKeZergRush: see
(36:54 / All) WlZARD: then talk k?
(37:00 / All) SERIOUSCRAFT: k now leave ty
(37:06 / All) FuriousHatred: u know what
(37:10 / All) FuriousHatred: finish it urself
(37:12 / All) FuriousHatred: im not leaving
(37:22 / All) KeKeZergRush: hide buildings too please
(37:28 / All) WlZARD: dnt worry we are
(37:41 / Allies) KeKeZergRush: upgrade too fort
(37:45 / Allies) KeKeZergRush: want light orb for pala
(38:06 / Allies) KeKeZergRush: try this
(38:10 / Allies) KeKeZergRush: laggy tonight forme
(38:38 / Allies) KeKeZergRush: yep
(38:41 / Allies) KeKeZergRush: used mana egg for it
(38:42 / Allies) KeKeZergRush: instead
(38:55 / Allies) KeKeZergRush: no boots
(39:29 / All) KeKeZergRush: should have dueled blade master
(39:32 / All) KeKeZergRush: maybe had a good chance
(39:45 / All) WlZARD: lol
(39:47 / All) SERIOUSCRAFT: lol
(39:56 / All) WlZARD: still talkin shit?
(40:06 / All) FuriousHatred: the whole point of this was to try mass ward rush
(40:14 / All) FuriousHatred: but wlz here failed to cast ward
(40:16 / All) SERIOUSCRAFT: that involves not sucking
(40:18 / All) SERIOUSCRAFT: yup
(40:25 / All) KeKeZergRush: orb did not matter
(40:26 / All) WlZARD: and yet it took you soooooo long to beat us
(40:28 / All) KeKeZergRush: bolt and light
(40:33 / All) KeKeZergRush: we like to play with our food
(40:39 / All) WlZARD: good excuse
(40:51 / All) FuriousHatred: thats ok... im gunna go smoke
(40:52 / All) FuriousHatred: afk
(41:02 / All) SERIOUSCRAFT: cool let us know
(41:09 / Allies) KeKeZergRush: more haste glove
(41:31 / All) SERIOUSCRAFT: 332 damage crit
(41:33 / All) SERIOUSCRAFT: ahahaha
(41:34 / Allies) KeKeZergRush: lol
(41:47 / All) KeKeZergRush: never seen afk units do that before
(41:53 / All) SERIOUSCRAFT: yeah must be the new patch
(41:54 / All) WlZARD: that was me moron
(42:02 / All) KeKeZergRush: yeah losing my remaining units
(42:04 / All) KeKeZergRush: im the moron
(42:16 / All) KeKeZergRush: how about why didnt yellow go fortified to stop the gryph rape on his burrows
(42:23 / All) KeKeZergRush: just 1 upgrade would not work anymore?
(43:30 / All) KeKeZergRush: so what units you want to lose too
(43:32 / All) KeKeZergRush: militia peas
(43:34 / All) KeKeZergRush: tanks
(43:35 / All) SERIOUSCRAFT: nice
(43:35 / All) KeKeZergRush: mots
(43:37 / All) KeKeZergRush: morts
(43:39 / All) KeKeZergRush: your call
(43:53 / All) SERIOUSCRAFT: hey maybe they wouldve gotten a sack of gold out of that
(44:15 / Allies) KeKeZergRush: doubt it
(44:15 / All) SERIOUSCRAFT: gg
(44:21 / All) KeKeZergRush: highper.ch
(44:25 / Allies) KeKeZergRush: just in time
(44:28 / All) SERIOUSCRAFT: TRAIL OF TEARS
(44:38 / All) FuriousHatred: haha... he left?
(44:46 / All) KeKeZergRush: i would have too
(44:54 / All) KeKeZergRush: lost my remaining bats to 1 hero
(44:57 / All) KeKeZergRush: and 3 hawks
(45:13 / All) FuriousHatred: ?
(45:32 / All) FuriousHatred: taking yall this long to attack?
(45:40 / All) KeKeZergRush: just creeping map
(45:43 / All) KeKeZergRush: getting best items
(45:44 / All) FuriousHatred: its not like were massing units over here
(45:47 / All) KeKeZergRush: good high level heroes
(45:49 / All) SERIOUSCRAFT: and locking down expos
(45:51 / All) KeKeZergRush: you dont know about that tho
(46:06 / All) SERIOUSCRAFT: securing expos from undesirable peons
(46:08 / All) KeKeZergRush: how come you didnt big bad voodoo each other
(46:17 / All) KeKeZergRush: cant get through that way?
(46:17 / All) FuriousHatred: cause im still lvl 5
(46:24 / All) SERIOUSCRAFT: you know that dual bbv is pretty good right
(46:26 / All) KeKeZergRush: try harder next time
(46:28 / All) SERIOUSCRAFT: and can blow through towers
(46:40 / All) FuriousHatred: yea yea... keep talkin
(46:45 / All) KeKeZergRush: rm?
(47:13 / All) SERIOUSCRAFT: bbv doesnt work on buildings
(47:23 / All) FuriousHatred: no shit
(48:06 / All) FuriousHatred: took yall long enough
(48:11 / All) KeKeZergRush: whine more
(48:12 / All) SERIOUSCRAFT: highper.ch
(48:13 / All) KeKeZergRush: quit next time
(48:18 / All) KeKeZergRush: save yourself some dignity
(48:23 / All) SERIOUSCRAFT: http://highper.ch
(48:26 / All) FuriousHatred: dignity is a myth